 Dungeon Crawl Stone Soup version 0.31-a0-222-gefeffbb62a (webtiles) character file.

Game seed: 7043506071866388318

1428 puppykicker the Shooter (level 8, -5/44 HPs)
             Began as a Deep Elf Hexslinger on July 6, 2023.
             Was a Follower of Sif Muna.
             Killed from afar by an electric eel (16 damage)
             ... with a bolt of electricity
             ... on level 7 of the Dungeon.
             The game lasted 00:28:10 (6510 turns).

puppykicker the Shooter (Deep Elf Hexslinger)       Turns: 6510, Time: 00:28:10

Health: -5/44      AC: 10    Str:  7    XL:     8   Next: 44%
Magic:  16/16      EV: 12    Int: 19    God:    Sif Muna [*.....]
Gold:   219        SH:  0    Dex: 17    Spells: 3/15 levels left

rFire   . . .        a - +1 sling
rCold   + . .        (no shield)
rNeg    . . .        k - +2 leather armour {rC+} {rC+}
rPois   +            (no helmet)
rElec   .            j - +0 cloak
rCorr   .            (no gloves)
SInv    .            (no boots)
Will    .....        (no amulet)
Stlth   +++          P - ring of poison resistance
HPRegen 0.27/turn    m - +4 ring of protection
MPRegen 0.15/turn

%: no passive effects
@: no status effects
A: no striking features
a: Renounce Religion, Channel Magic


You were on level 7 of the Dungeon.
You worshipped Sif Muna.
Sif Muna was aware of your devotion.
You visited 2 branches of the dungeon, and saw 8 of its levels.

You collected 379 gold pieces.
You spent 160 gold pieces at shops.

Inventory:

Hand Weapons
 a - a +1 sling (weapon)
 b - the +8 war axe of Jeelerghah {pain, rN+ Str+4}
   (You found it on level 3 of the Dungeon)

   Str:       It affects your strength (+4).
   rN:        It protects you from negative energy.
 w - a +0 quarterstaff
Armour
 j - a +0 cloak (worn)
 k - a +2 leather armour of cold resistance (worn) {rC+}
Jewellery
 m - a +4 ring of protection (right hand)
 q - an amulet of faith {Faith, !P}
 s - the ring of Satyriasis {Str+3 Int+6}
   (You found it on level 3 of the Dungeon)

   [ring of intelligence]

   Str:       It affects your strength (+3).
   Int:       It affects your intelligence (+6).
 P - a ring of poison resistance (left hand)
Wands
 n - a wand of mindburst (4)
 v - a wand of polymorph (1)
 D - a wand of digging (4)
 E - a wand of charming (7)
Scrolls
 c - 3 scrolls of amnesia {unknown}
 d - 3 scrolls of revelation
 e - a scroll of fear
 f - a scroll of enchant armour {unknown}
 g - a scroll of poison {!r}
 h - a scroll of noise {!r}
 i - 2 scrolls of butterflies {unknown}
 t - a scroll of teleportation
 y - a scroll of vulnerability {!r!r}
 z - a scroll of brand weapon {unknown}
 B - 2 scrolls of immolation {unknown}
Potions
 l - 4 potions of brilliance {unknown}
 o - 4 potions of curing
 p - 2 potions of resistance {unknown}
 r - 2 potions of lignification {unknown}
 u - a potion of haste {unknown}
 x - a potion of heal wounds {unknown}
 A - 2 potions of cancellation {unknown}
 C - a potion of invisibility {unknown}
 F - a potion of mutation {unknown}


   Skills:
 - Level 2.0 Fighting
 * Level 7.2 Ranged Weapons
 - Level 2.0 Armour
 - Level 3.0 Dodging
 - Level 4.0 Stealth
 - Level 4.0 Spellcasting
 + Level 3.2 Conjurations
 - Level 4.0 Hexes
 + Level 3.4 Summonings
 - Level 3.0 Necromancy
 - Level 1.0 Air Magic
 + Level 2.9 Poison Magic
 + Level 1.7 Invocations
 + Level 2.0 Evocations


You had 3 spell levels left.
You knew the following spells:

 Your Spells              Type           Power      Damage    Failure   Level
a - Summon Guardian Gole  Hex/Summ       17%        N/A       13%         3
b - Call Imp              Summ           32%        N/A       8%          2
c - Call Canine Familiar  Summ           16%        N/A       14%         3
s - Slow                  Hex            76%        N/A       3%          1
x - Mephitic Cloud        Conj/Pois/Air  12%        N/A       22%         3

Your spell library contained the following spells:

 Spells                   Type           Power      Damage    Failure   Level
 Summon Small Mammal      Summ           64%        N/A       4%          1
 Magic Dart               Conj           64%        1d6       5%          1
 Searing Ray              Conj           32%        2d5       9%          2
 Inner Flame              Hex/Fire       11%        N/A       26%         3
 Portal Projectile        Hex/Tloc       22%        N/A       26%         3
 Cause Fear               Hex            9%         N/A       36%         4
 Fulminant Prism          Conj/Hex       8%         3d6       41%         4
 Flame Wave               Conj/Fire      9%         2d6       71%         4
 Sticky Flame             Conj/Fire      9%         2d3       71%         4


Dungeon Overview and Level Annotations

Branches:
Dungeon (7/15)             Temple (1/1) D:4

Altars:
Ashenzari
Dithmenos
Elyvilon
Fedhas
Gozag
Hepliaklqana
Kikubaaqudgha
Makhleb
Okawaru
Qazlal
Ru
Sif Muna
Trog
Uskayaw
Vehumet
Wu Jian
Xom
Yredelemnul
Zin
The Shining One

Shops:
D:5 [

Annotations:
D:2 1 runed translucent door, Crazy Yiuf


Message History

You shoot a sling bullet.
The sling bullet closely misses the electric eel.
You shoot a sling bullet.
The sling bullet closely misses the electric eel.
Unknown command.
You shoot a sling bullet.
The sling bullet misses the electric eel.
The electric eel shoots out a bolt of lightning at you!
The bolt of electricity hits you!
* * * LOW HITPOINT WARNING * * *
You take 9 damage, and have 21/44 hp.
MASSIVE DAMAGE!!
You are too injured to fight recklessly!
You are too injured to fight recklessly!
Fire: a) +1 sling
Press: ? - help, Q - select action Shift-Dir - straight line, f/p - electric eel
Aim: an electric eel (water, severely wounded, 46% to hit)
You shoot a sling bullet.
The sling bullet closely misses the electric eel.
Fire: a) +1 sling
Press: ? - help, Q - select action Shift-Dir - straight line, f/p - electric eel
Aim: an electric eel (water, severely wounded, 46% to hit)
You shoot a sling bullet.
The sling bullet hits the electric eel but does no damage.
Fire: a) +1 sling
Press: ? - help, Q - select action Shift-Dir - straight line, f/p - electric eel
Aim: an electric eel (water, severely wounded, 46% to hit)
You shoot a sling bullet. The sling bullet hits the electric eel.
The electric eel shoots out a bolt of lightning at you!
The bolt of electricity hits you!
* * * LOW HITPOINT WARNING * * *
You take 11 damage, and have 11/44 hp.
MASSIVE DAMAGE!!
Aiming: Mindburst
Press: ? - help, Shift-Dir - straight line, f/p - electric eel
Aim: an electric eel (water, almost dead, chance to affect: 80%)
The electric eel barely resists.
The electric eel shoots out a bolt of lightning at you!
The bolt of electricity hits you!
You die...

.##### ##.~~≈#≈#~..# #
.....#
..##≈≈≈~#≈≈≈≈~≈#..
####.#
.#≈##≈~~~≈≈≈≈w≈..
####.#
#.≈≈≈~≈≈~~~≈≈≈~..
)..#.#
#≈≈~~~≈≈≈~~S≈≈w~#
##.#.#
##≈~~.≈~≈~~~#~≈~≈≈
##.#.#
###~~~.~≈~?..≈..♣
##.#.#
#...~~.(...<...♣?~≈w
.....#
#.##~#.@~#..♣~#.~~≈≈
##.###
#..~≈~≈~~~~~≈≈≈≈≈≈≈~
....#
#.##~~≈≈#≈~≈≈≈≈≈≈≈≈#
##..#
##.~≈≈≈≈~≈≈≈≈≈≈≈..
#..#
#..~≈≈≈≈~~≈≈≈#≈~#.
#..###
###.~~~≈≈~~##≈~.#
##....#
#.###.#.≈≈~~~~≈!.
#.#.#.#
#.......#~~.~~.
....#.########...##...


You could see an electric eel.

Levels and vault maps discovered:
D:1:      dpeg_arrival_snail, layout_basic
D:2:      layout_basic, uniq_crazy_yiuf_cottage
D:3:      layout_loops_ring
D:4:      layout_basic, minmay_temple_entry_drinking_statues
D:5:      layout_basic, serial_shops, nicolae_shop_just_a_little_nook
D:6:      layout_cave_pods, lemuel_tele_altar, uniq_duvessa, uniq_edmund
D:7:      kennysheep_slugbush, layout_loops_corners, serial_glass,
          glass_columns_a, glass_columns_c, serial_bayou_pond_c,
          chequers_serial_rivers_small_a
Temple:   hellmonk_temple_divided_pantheon

Notes
Turn   | Place    | Note
-------+----------+-------------------------------------------
     0 | D:1      | puppykicker the Deep Elf Hexslinger began the quest for the
                  | Orb.
     0 | D:1      | Reached XP level 1. HP: 11/11 MP: 5/5
    64 | D:1      | Identified a +0 dagger
    73 | D:1      | Identified a +0 leather armour
   145 | D:1      | Identified a +0 mace
   148 | D:1      | Identified a +1 sling
   168 | D:1      | Identified a +0 short sword of speed
   176 | D:1      | Reached skill level 3 in Ranged Weapons
   196 | D:1      | Reached skill level 1 in Fighting
   210 | D:1      | Identified a +0 whip
   216 | D:1      | Reached XP level 2. HP: 16/16 MP: 6/6
   231 | D:1      | Identified a ring of poison resistance
   243 | D:1      | Identified a +0 club
   248 | D:1      | Reached skill level 2 in Spellcasting
   279 | D:1      | Identified a +0 short sword
   322 | D:1      | Identified a +0 dagger
   363 | D:1      | Identified a +0 cloak
   721 | D:2      | Reached skill level 1 in Stealth
   721 | D:2      | Reached XP level 3. HP: 20/20 MP: 8/8
   733 | D:2      | Identified a +4 ring of protection
   743 | D:2      | Identified a +0 sling
  1032 | D:2      | Identified a +0 short sword of draining
  1083 | D:2      | Identified a +0 dagger
  1083 | D:2      | Identified a +0 sling
  1186 | D:2      | Found a runed translucent door.
  1187 | D:2      | Identified a +3 quarterstaff of chaos
  1187 | D:2      | Identified a +2 cloak
  1187 | D:2      | Noticed Crazy Yiuf
  1409 | D:2      | Identified a +0 dagger
  1536 | D:2      | Identified a +0 leather armour
  1616 | D:2      | Learned a level 3 spell: Call Canine Familiar
  1700 | D:3      | Identified a +0 chain mail of poison resistance
  1702 | D:3      | Identified an amulet of faith
  1711 | D:3      | Identified a +0 club
  1733 | D:3      | Identified a +0 short sword
  1748 | D:3      | Identified the ring of Satyriasis {Str+3 Int+6}
  1770 | D:3      | Reached skill level 1 in Armour
  1774 | D:3      | Identified the +8 war axe of Jeelerghah {pain, rN+ Str+4}
  1932 | D:3      | Identified a +0 morningstar
  1932 | D:3      | Identified a +0 ring mail
  1943 | D:3      | Reached XP level 4. HP: 25/25 MP: 9/9
  2122 | D:3      | Reached skill level 3 in Dodging
  2245 | D:3      | Learned a level 3 spell: Mephitic Cloud
  2325 | D:4      | Identified a +0 mace
  2326 | D:4      | Identified a +0 dagger
  2326 | D:4      | Identified a +0 scale mail
  2327 | D:4      | Identified a +0 flail
  2329 | D:4      | Identified a +0 short sword
  2420 | D:4      | HP: 5/25 [adder (2)]
  2421 | D:4      | Identified 3 potions of degeneration
  2422 | D:4      | Identified 4 potions of curing
  2428 | D:4      | Reached skill level 4 in Ranged Weapons
  2428 | D:4      | Identified 3 scrolls of identify
  2428 | D:4      | Identified a scroll of fear
  2429 | D:4      | Identified 2 scrolls of revelation
  2430 | D:4      | Identified a scroll of noise
  2528 | D:4      | Found a staircase to the Ecumenical Temple.
  2548 | Temple   | Entered the Ecumenical Temple
  2548 | Temple   | Found a transporter.
  2548 | Temple   | Found a transporter.
  2550 | Temple   | Found a transporter.
  2550 | Temple   | Found a transporter.
  2595 | Temple   | Became a worshipper of Sif Muna the Loreminder
  2685 | D:4      | Identified a +0 falchion
  2686 | D:4      | Identified a +0 club
  2714 | D:4      | Reached skill level 2 in Stealth
  2714 | D:4      | Reached XP level 5. HP: 10/29 MP: 9/11
  2841 | D:4      | Reached skill level 1 in Summonings
  2894 | D:4      | Identified a +0 short sword
  2895 | D:4      | Identified a +0 club
  2895 | D:4      | Identified a +0 chain mail
  3234 | D:5      | Entered Level 5 of the Dungeon
  3327 | D:5      | Reached skill level 1 in Air Magic
  3327 | D:5      | Reached skill level 1 in Poison Magic
  3329 | D:5      | Reached skill level 3 in Spellcasting
  3329 | D:5      | Reached skill level 1 in Conjurations
  3329 | D:5      | Reached skill level 1 in Necromancy
  3329 | D:5      | Reached XP level 6. HP: 31/35 MP: 12/12
  3556 | D:5      | Identified a +0 long sword
  3591 | D:5      | Identified a +0 falchion
  3598 | D:5      | Identified a +0 dagger
  3598 | D:5      | Identified a +0 robe
  3599 | D:5      | Identified a +0 dagger
  3602 | D:5      | Identified a +0 whip
  3654 | D:5      | Identified a +0 quarterstaff
  3660 | D:5      | Found Ukenux's Antique Armour Emporium.
  3694 | D:5      | Bought a glowing leather armour for 160 gold pieces
  3694 | D:5      | Identified a +2 leather armour of cold resistance (You
                  | bought it in a shop on level 5 of the Dungeon)
  3810 | D:5      | Identified a +0 giant club
  3812 | D:5      | Reached skill level 5 in Ranged Weapons
  3816 | D:5      | Reached skill level 2 in Fighting
  3816 | D:5      | Reached skill level 3 in Stealth
  3816 | D:5      | Reached skill level 2 in Summonings
  3913 | D:5      | Learned a level 2 spell: Call Imp
  3973 | D:5      | Identified a +0 club
  4390 | D:6      | Reached skill level 2 in Poison Magic
  4413 | D:6      | Found a bloodstained altar of Trog.
  4428 | D:6      | Identified a +0 glaive
  4428 | D:6      | Identified a +0 plate armour
  4428 | D:6      | Noticed an orc warrior
  4428 | D:6      | Identified a +0 flail
  4428 | D:6      | Identified a +0 leather armour
  4428 | D:6      | Identified a +0 club
  4428 | D:6      | Identified a +0 dagger
  4428 | D:6      | Identified a +0 robe
  4428 | D:6      | Identified a +0 dagger
  4428 | D:6      | Identified a +0 robe
  4437 | D:6      | an orc warrior changed into a bullfrog
  4445 | D:6      | Identified a +0 flail
  4445 | D:6      | Identified a +0 ring mail
  4445 | D:6      | Identified a +0 hand axe
  4445 | D:6      | Identified a +0 leather armour
  4446 | D:6      | Identified a -3 spear
  4446 | D:6      | Identified a +0 dagger
  4446 | D:6      | Identified a +0 robe
  4447 | D:6      | Identified a +0 whip
  4450 | D:6      | Identified 2 scrolls of vulnerability
  4451 | D:6      | Identified 2 scrolls of teleportation
  4456 | D:6      | Identified a +7 short sword of venom
  4456 | D:6      | Identified a +0 scale mail
  4456 | D:6      | Noticed Duvessa
  4619 | D:6      | Reached XP level 7. HP: 39/40 MP: 14/14
  4626 | D:6      | Killed Duvessa
  4627 | D:6      | Reached skill level 2 in Conjurations
  4627 | D:6      | Reached skill level 2 in Necromancy
  4627 | D:6      | Identified a +0 dagger
  4627 | D:6      | Identified a +0 robe
  4627 | D:6      | Noticed Dowan
  4647 | D:6      | Killed Dowan
  4654 | D:6      | Reached * piety under Sif Muna
  4655 | D:6      | Reached skill level 6 in Ranged Weapons
  4657 | D:6      | Reached skill level 4 in Spellcasting
  4673 | D:6      | Learned a level 3 spell: Summon Guardian Golem
  4798 | D:6      | Identified a +2 dagger of draining
  5205 | D:6      | Identified a +0 ring mail
  5211 | D:6      | Identified a +4 dire flail of holy wrath
  5211 | D:6      | Identified a +0 ring mail
  5211 | D:6      | Noticed Edmund
  5327 | D:6      | Killed Edmund
  5328 | D:6      | Reached skill level 4 in Stealth
  5328 | D:6      | Reached skill level 3 in Necromancy
  5328 | D:6      | Reached XP level 8. HP: 44/44 MP: 16/16
  5350 | D:6      | Reached skill level 1 in Evocations
  5356 | D:6      | Reached skill level 3 in Summonings
  5356 | D:6      | Reached skill level 1 in Invocations
  5427 | D:6      | Identified a +0 trident
  5435 | D:6      | Reached skill level 2 in Armour
  5945 | D:7      | Reached skill level 7 in Ranged Weapons
  5945 | D:7      | Reached skill level 3 in Conjurations
  5992 | D:7      | Identified a +0 long sword
  6429 | D:7      | Reached skill level 2 in Evocations
  6499 | D:7      | Identified a +0 hand axe
  6509 | D:7      | HP: 11/44 [electric eel/bolt of electricity (11)]
  6510 | D:7      | Killed from afar by an electric eel

Table legend: (Time is in decaauts)
 A = Elapsed time spent in this place.
 B = Non-inter-level travel time spent in this place.
 C = Inter-level travel time spent in this place.
 D = Time resting spent in this place.
 E = Time spent auto-exploring this place.
 F = Levels seen in this place.
 G = Mean time per level.
                   A        B        C        D        E       F      G
               +--------+--------+--------+--------+--------+-----+--------+
         Total |   6591 |   6304 |    287 |    964 |   4190 |   8 |  823.9 |
       Dungeon |   6531 |   6244 |    287 |    964 |   4190 |   7 |  933.0 |
        Temple |     60 |     60 |      0 |      0 |      0 |   1 |   60.0 |
               +--------+--------+--------+--------+--------+-----+--------+

Top non-repeatable levels by time:
     D:6: 1454 daAuts
     D:5: 1218 daAuts
     D:2: 1008 daAuts
     D:4: 868 daAuts
     D:3: 671 daAuts
     D:1: 660 daAuts
     D:7: 650 daAuts
  Temple: 60 daAuts

Table legend:
 A = Kills in this place as a percentage of kills in the entire game.
 B = Kills by you in this place as a percentage of kills by you in the entire game.
 C = Kills by friends in this place as a percentage of kills by friends in the entire game.
 D = Other kills in this place as a percentage of other kills in the entire game.
 E = Experience gained in this place as a percentage of experience gained in the entire game.
 F = Experience gained in this place divided by the number of levels of this place that you have seen.
                   A       B       C       D       E      F
               +-------+-------+-------+-------+-------+----------------------
         Total | 100.0 | 100.0 | 100.0 |   N/A | 100.0 | 255.0
       Dungeon | 100.0 | 100.0 | 100.0 |   N/A | 100.0 | 291.4
               +-------+-------+-------+-------+-------+----------------------

Skill      XL: |  1  2  3  4  5  6  7  8 |
---------------+-------------------------+-----
Ranged Weapons | 3 4 5 6 7 |  7.2
Fighting       | 1 2 |  2.0
Spellcasting   | 2 3 4 |  4.0
Stealth        | 1 2 3 4 |  4.0
Armour         | 1 2 |  2.0
Dodging        | 3 |  3.0
Summonings     | 1 2 3 |  3.4
Air Magic      | 1 |  1.0
Poison Magic   | 1 2 |  2.9
Conjurations   | 1 2 3 |  3.2
Necromancy     | 1 3 |  3.0
Evocations     | 2 |  2.0
Invocations    | 1 |  1.7
Hexes          | |  4.0

Action                     |  1- 3 |  4- 6 |  7- 9 || total
---------------------------+-------+-------+-------++-------
  Melee: War axe           |       |       |    26 ||    26
   Fire: Sling             |   126 |   183 |   127 ||   436
   Cast: Slow              |       |     1 |       ||     1
         Call Imp          |       |     1 |       ||     1
  Evoke: Wand              |       |    19 |    21 ||    40
    Use: Scroll            |       |     6 |       ||     6
         Potion            |       |     2 |       ||     2
 Armour: Robe              |    12 |    38 |       ||    50
         Leather armour    |       |    10 |    22 ||    32
  Dodge: Dodged            |    15 |    93 |    53 ||   161

Vanquished Creatures
  Edmund (D:6)
  Duvessa (D:6)
  An ogre (D:5)
  A phantom (D:7)
  2 bullfrogs
  A scorpion (D:6)
  Dowan (D:6)
  2 electric eels (D:7)
  4 howler monkeys
  4 hounds
  2 orc priests
  2 jellies (D:6)
  2 iguanas
  4 orc wizards
  4 adders
  A gnoll (D:1)
  A river rat (D:5)
  A shadow imp (D:5)
  A white imp (D:5)
  An ufetubus (D:6)
  5 dart slugs
  A worm (D:4)
  15 orcs
  5 ball pythons
  5 bats
  7 endoplasms
  6 giant cockroaches
  3 goblins
  8 hobgoblins
  5 jackals
  6 kobolds
  2 quokkas
  2 frilled lizards (D:1)
  2 rats (D:2)
109 creatures vanquished.

Vanquished Creatures (collateral kills)
  A jelly (D:6)
  2 dart slugs (D:7)
  An orc (D:6)
4 creatures vanquished.

Grand Total: 113 creatures vanquished
